 Dungeon Crawl Stone Soup version 0.21.1-1-g345015f (webtiles) character file.

252972 Yorethra the Warrior (level 19, -23/127 HPs)
             Began as a Gargoyle Fighter on May 11, 2018.
             Was the Champion of Okawaru.
             Hit by a large rock thrown by a stone giant (36 damage)
             ... on level 2 of the Vaults on May 13, 2018.
             The game lasted 05:59:39 (52313 turns).

Yorethra the Warrior (Gargoyle Fighter)            Turns: 52313, Time: 05:59:40

Health: -23/127    AC: 46    Str: 26    XL:     19   Next: 70%
Magic:  27/27      EV:  8    Int: 10    God:    Okawaru [******]
Gold:   2933       SH: 14    Dex: 12    Spells: 18/18 levels left

rFire    + + .     SeeInvis .   K - +7 mace (protect)
rCold    + . .     Gourm    .   M - +3 warlock's mirror {reflect}
rNeg     + . .     Faith    .   o - +2 plate armour {rC+}
rPois    ∞         Spirit   .   N - +0 hat "Xuf Neiv" {rF+ rC- Str+2}
rElec    +         Reflect  +   D - scarf {rC+ rF+}
rCorr    .         Harm     .   L - +2 pair of gloves
MR       ++...                  x - +1 pair of boots
Stlth    ..........             W - +3 amulet of reflection
HPRegen  0.31/turn              C - ring of protection from magic
MPRegen  0.20/turn              S - +6 ring of protection

@: drained
A: big wings, negative energy resistance 1, electricity resistance, unbreathing,
petrification resistance, rot immunity, AC +14
}: 2/15 runes: decaying, gossamer
a: Fly, Heroism, Finesse, Renounce Religion


You were on level 2 of the Vaults.
You worshipped Okawaru.
Okawaru was exalted by your worship.
You were not hungry.

You visited 7 branches of the dungeon, and saw 34 of its levels.
You also visited: Sewer and Ice Cave.

You collected 3930 gold pieces.
You spent 997 gold pieces at shops.

Inventory:

Hand Weapons
 a - a +2 great mace of protection
 v - a +6 morningstar of flaming
 K - a +7 mace of protection (weapon)
Missiles
 p - 16 javelins (quivered)
Armour
 o - a +2 plate armour of cold resistance (worn)
 x - a +1 pair of boots (worn)
 D - a scarf of resistance (worn)
 L - a +2 pair of gloves (worn)
 M - the +3 warlock's mirror (worn) {reflect}
   (You found it on level 10 of the Dungeon)
 N - the +0 hat "Xuf Neiv" (worn) {rF+ rC- Str+2}
   (Okawaru gifted it to you on level 10 of the Dungeon)

   It affects your strength (+2).
   It protects you from fire.
   It makes you vulnerable to cold.
 T - a +2 shield
Jewellery
 b - a +2 ring of evasion
 z - a +2 ring of protection
 C - a ring of protection from magic (left hand)
 G - a +3 ring of dexterity
 O - an uncursed ring of resist corrosion
 S - a +6 ring of protection (right hand)
 W - a +3 amulet of reflection (around neck)
Wands
 k - a wand of acid (11)
 r - a wand of disintegration (9)
 s - a wand of iceblast (16)
 u - a wand of polymorph (26)
 F - a wand of digging (47)
 I - a wand of paralysis (61)
 J - a wand of flame (57)
 U - a wand of enslavement (20)
Scrolls
 h - 5 scrolls of identify
 l - 14 scrolls of teleportation
 n - 19 scrolls of remove curse
 w - 2 scrolls of magic mapping
 B - 2 scrolls of blinking
 E - 5 scrolls of enchant armour
 P - a scroll of fear
 R - a scroll of fog
Potions
 c - a potion of haste
 d - 3 potions of might
 e - 3 potions of brilliance
 g - a potion of invisibility
 i - 7 potions of ambrosia
 j - 9 potions of curing
 m - 2 potions of cancellation
 t - 3 potions of berserk rage
 A - 10 potions of agility
 Q - 4 potions of lignification {unknown}
 X - 2 potions of resistance {unknown}
Books
 q - a book of Flames

   Spells                             Type                      Level
   a - Flame Tongue                   Conjuration/Fire             1
   b - Throw Flame                    Conjuration/Fire             2
   c - Conjure Flame                  Conjuration/Fire             3
   d - Inner Flame                    Hexes/Fire                   3
   e - Sticky Flame                   Conjuration/Fire             4
   f - Fireball                       Conjuration/Fire             5
 y - a book of Geomancy

   Spells                             Type                      Level
   a - Sandblast                      Earth                        1
   b - Passwall                       Transmutation/Earth          2
   c - Stone Arrow                    Conjuration/Earth            3
   d - Petrify                        Transmutation/Earth          4
   e - Lee's Rapid Deconstruction     Earth                        5
Comestibles
 f - 40 rations
 H - a chunk of flesh


   Skills:
 + Level 16.8(15.9) Fighting
 + Level 16.0(15.2) Maces & Flails
 + Level 16.8(15.9) Armour
 + Level 1.0(0.4) Dodging
 + Level 16.8(15.9) Shields
 - Level 10.2(9.4) Invocations
 - Level 11.6(10.8) Evocations


You had 18 spell levels left.
You didn't know any spells.

Dungeon Overview and Level Annotations

Branches:
Dungeon (15/15)            Temple (0/1) D:6            Lair (6/6) D:10
  Swamp (4/4) Lair:4       Spider (4/4) Lair:4        Slime (0/5) Lair:6
    Orc (2/2) D:12            Elf (1/3) Orc:2        Vaults (2/5) D:13
 Depths (0/5) D:15
  Crypt: Vaults:2-3

Altars:
Elyvilon
Kikubaaqudgha
Makhleb
Okawaru
Ru
Uskayaw
Vehumet
Xom
Yredelemnul
Beogh

Shops:
D:8 }   D:15 [:(}[   Orc:2 [%(%=

Portals:
Trove: D:10 (give 4 potions of resistance)

Annotations:
Lair:1 exclusion: oklob plant
Lair:2 exclusion: oklob plant
Elf:1 Agnes


Innate Abilities, Weirdness & Mutations

You are resistant to torment.
Your stone body is resilient. (AC +14)
You are immune to poison.
Your large and strong wings let you fly indefinitely.
You resist negative energy. (rN+)
You are resistant to electric shocks. (rElec)
You can survive without breathing.
You are immune to petrification.
You are immune to rotting.


Message History

The freezing wraith hits you but does no damage.
The yaktaur captain shoots a bolt.
You reflect the bolt off your +3 warlock's mirror {reflect}!
The bolt barely misses the yaktaur captain.
Some of the chunks of flesh in your inventory have rotted away.
An orc comes into view. It is wielding a short sword.
The deep elf mage mumbles some strange words.
The deep elf mage blinks!
You block the freezing wraith's attack. The freezing wraith barely misses you.
The earth elemental barely misses you.
You closely miss the freezing wraith.
The yaktaur captain shoots a bolt.
The bolt hits you.
* * * LOW HITPOINT WARNING * * *
You block the earth elemental's attack.
The deep elf mage gestures wildly while chanting.
The deep elf mage blinks!
Your surroundings suddenly seem different.
A stone giant comes into view.
The stone giant shouts!
The stone giant throws a large rock.
The large rock hits you!!!
You die...

########
#......
#..... .
#....###...C
#...@.(.....
#..#.....#..
#. #.....# #
#.....#
........
..###....
... ....
.... ...


You could see a stone giant.

Vanquished Creatures
  the Lernaean hydra (Swamp:4)
  2 thorn hunters
  Donald (Swamp:2)
  5 ghost moths
  A vault warden (Vaults:1)
  6 emperor scorpions
  An ironheart preserver (Vaults:1)
  A deep elf elementalist (Elf:1)
  3 entropy weavers
  2 spark wasps
  An ettin (Orc:2)
  A blizzard demon (IceCv)
  Josephine (Lair:5)
  2 yaktaur captains (Vaults:1)
  An ice dragon (Vaults:1)
  A death knight (Vaults:2)
  A ghost crab (Swamp:2)
  26 hydras
  10 alligators
  2 catoblepae
  A vault guard (D:13)
  4 ogre magi
  19 two-headed ogres
  3 dancing weapons
  The ghost of johnjohn the Basher, a novice HOFi of Zin (D:9)
  6 death yaks
  7 centaur warriors
  Erica (D:9)
  A queen ant (Lair:5)
  2 tengu warriors (D:14)
  An orc high priest (Orc:1)
  A deep elf knight (Orc:2)
  2 shadow wraiths (Vaults:2)
  A spark wasp zombie (D:15)
  8 wizards (D:10)
  2 unseen horrors
  3 spriggan druids
  2 skeletal warriors
  4 deep elf archers (Elf:1)
  A phantasmal warrior (D:15)
  8 swamp dragons (Swamp:4)
  Pikel (D:8)
  2 ironbrand convokers (Vaults:1)
  A shambling mangrove (Swamp:1)
  2 necromancers
  An orb spider (shapeshifter) (Vaults:1)
  9 orc knights
  5 deep elf magi
  6 cyclopes
  29 wolf spiders
  15 orb spiders
  An orc sorcerer (Orc:2)
  4 elephants (Lair:4)
  19 ugly things
  A manticore (D:14)
  2 moths of wrath
  A moth of wrath (shapeshifter) (Vaults:1)
  A guardian serpent (Lair:6)
  3 ice statues
  A centaur zombie (D:10)
  A torpor snail (Spider:2)
  Maurice (D:9)
  6 black mambas
  3 vault sentinels (Vaults:1)
  Psyche (D:8)
  Joseph (D:8)
  2 centaur skeletons
  31 spiny frogs
  A torpor snail (shapeshifter) (Vaults:1)
  3 gargoyles
  A spriggan zombie (D:15)
  16 demonic crawlers
  2 rime drakes
  A kobold demonologist (D:14)
  A yaktaur (Vaults:1)
  A komodo dragon (shapeshifter) (D:13)
  9 komodo dragons
  2 freezing wraiths
  14 ice devils (IceCv)
  A tengu conjurer (D:13)
  40 jumping spiders
  A guardian mummy (D:15)
  6 polar bears
  A queen bee (Lair:5)
  8 trolls
  A wolf spider simulacrum (D:13)
  3 meliai (Lair:5)
  7 tyrant leeches
  15 hornets
  16 slime creatures
  Grinder (D:5)
  8 blink frogs (Lair:2)
  7 dream sheep
  An ettin zombie (Vaults:1)
  2 deep troll zombies (D:15)
  A raiju (shapeshifter) (Vaults:1)
  14 bog bodies
  Prince Ribbit (D:8)
  9 hippogriffs
  An air elemental (Elf:1)
  A fire giant simulacrum (Vaults:1)
  6 wraiths
  Sigmund (D:6)
  A vampire (D:14)
  4 shadows
  8 spriggans
  82 redbacks
  13 wyverns
  41 yaks
  19 tarantellas
  3 basilisks
  23 vampire mosquitoes
  Menkaure (D:5)
  2 hungry ghosts
  28 insubstantial wisps
  3 wargs (D:9)
  22 soldier ants (Lair:5)
  17 swamp worms
  Edmund (D:6)
  An acid dragon (D:14)
  6 porcupines
  16 water moccasins
  41 orc warriors
  2 slaves (D:8)
  3 sky beasts
  A meliai simulacrum (D:14)
  3 black bears
  13 swamp drakes
  An eye of draining (D:12)
  A hornet zombie (D:9)
  2 phantoms
  4 boggarts
  6 ice beasts
  10 ogres
  3 wolves (Lair:1)
  19 centaurs
  9 crocodiles
  21 bullfrogs
  2 big kobolds
  2 wyvern zombies
  6 earth elementals (D:12)
  A glowing shapeshifter simulacrum (Vaults:1)
  A wyvern skeleton (D:8)
  2 scorpions
  32 killer bees
  15 wights
  3 electric eels
  4 howler monkeys
  4 crimson imps
  3 bullfrog zombies
  A quasit (D:6)
  2 wyvern simulacra (D:13)
  3 bullfrog skeletons
  6 human zombies (D:9)
  10 jellies
  18 orc priests
  5 hounds
  18 orc wizards
  Natasha (thrice) (D:2)
  2 human skeletons
  28 worker ants
  3 iguanas
  2 bullfrog simulacra (D:13)
  A mummy (D:9)
  12 gnolls
  11 adders
  5 shadow imps
  12 white imps
  9 ufetubi
  10 oozes
  An adder skeleton (D:5)
  2 worms
  A dart slug (D:2)
  9 leopard geckos
  99 orcs
  14 ball pythons
  6 bats
  5 giant cockroaches
  3 hobgoblins (D:1)
  21 jackals
  4 quokkas
  6 frilled lizards
  6 goblins
  23 kobolds
  9 rats
1375 creatures vanquished.

Vanquished Creatures (others)
  2 centaur warriors
  A deep elf knight (Elf:1)
  An unseen horror (Vaults:1)
  4 yaktaurs
  3 redbacks
  2 swamp worms
  An orc warrior (Orc:2)
  A boggart (Vaults:1)
  2 centaurs
  A bullfrog (D:15)
  An orc wizard (D:13)
  A white imp (IceCv)
  3 ufetubi (IceCv)
  4 orcs (Orc:2)
  A briar patch (Swamp:1)
  49 fungi
  20 plants
  5 withered plants (D:15)
102 creatures vanquished.

Grand Total: 1477 creatures vanquished

Notes
Turn   | Place    | Note
-------+----------+-------------------------------------------
     0 | D:1      | Yorethra the Gargoyle Fighter began the quest for the Orb.
     0 | D:1      | Reached XP level 1. HP: 14/14 MP: 1/1
   116 | D:1      | Found an iron altar of Okawaru.
   195 | D:1      | Became a worshipper of Warmaster Okawaru
   312 | D:1      | Reached XP level 2. HP: 14/19 MP: 2/2
  1305 | D:2      | Reached XP level 3. HP: 23/23 MP: 3/3
  1645 | D:2      | Found a faded altar of an unknown god.
  1708 | D:2      | Noticed Natasha
  1729 | D:2      | Killed Natasha
  1729 | D:2      | Reached XP level 4. HP: 26/29 MP: 4/4
  2079 | D:2      | Reached XP level 5. HP: 33/33 MP: 5/5
  2174 | D:2      | Noticed Natasha
  2212 | D:2      | Killed Natasha
  2346 | D:2      | Noticed Natasha
  2362 | D:2      | Killed Natasha
  2711 | D:3      | Reached XP level 6. HP: 38/38 MP: 6/6
  2758 | D:3      | Found a glowing drain.
  2782 | Sewer    | Entered a sewer
  3124 | Sewer    | Reached * piety under Okawaru
  3487 | D:3      | Found a radiant altar of Vehumet.
  4121 | D:4      | Reached XP level 7. HP: 41/44 MP: 7/7
  4288 | D:4      | Found a sacrificial altar of Ru.
  4483 | D:4      | Reached skill level 5 in Maces & Flails
  4745 | D:5      | Entered Level 5 of the Dungeon
  4746 | D:5      | Noticed Menkaure
  4760 | D:5      | Killed Menkaure
  4760 | D:5      | Reached skill level 5 in Fighting
  4760 | D:5      | Reached skill level 5 in Armour
  4760 | D:5      | Reached skill level 5 in Shields
  4849 | D:5      | Got a scorched helmet
  4850 | D:5      | Identified the cursed +0 helmet "Ruinyri" {-Tele MR+ Str+4 Dex+2} (You found it on level 5 of the Dungeon)
  5067 | D:5      | Reached ** piety under Okawaru
  5087 | D:5      | Reached XP level 8. HP: 30/50 MP: 5/8
  5315 | D:5      | Noticed Grinder
  5364 | D:5      | Killed Grinder
  6135 | D:6      | You fall through a shaft for 2 floors!
  6195 | D:6      | Noticed Sigmund
  6381 | D:6      | Reached *** piety under Okawaru
  6473 | D:6      | Reached XP level 9. HP: 54/56 MP: 9/9
  6819 | D:6      | Noticed Edmund
  6852 | D:6      | Killed Edmund
  7073 | D:6      | Found a staircase to the Ecumenical Temple.
  7110 | D:6      | Killed Sigmund
  7787 | D:8      | Reached **** piety under Okawaru
  7916 | D:8      | Noticed Prince Ribbit
  8023 | D:8      | Found Upoquf's Gadget Shoppe.
  8025 | D:8      | Noticed a two-headed ogre
  8032 | D:8      | Killed a two-headed ogre
  8032 | D:8      | Reached XP level 10. HP: 32/64 MP: 7/10
  8231 | D:8      | Noticed Psyche
  8233 | D:8      | Noticed Joseph
  8367 | D:8      | Noticed a two-headed ogre
  8444 | D:8      | Killed a two-headed ogre
  8458 | D:8      | Killed Prince Ribbit
  8602 | D:8      | Killed Joseph
  8602 | D:8      | Reached ***** piety under Okawaru
  8901 | D:8      | Noticed Pikel
  8920 | D:8      | Killed Pikel
  9064 | D:8      | Killed Psyche
  9135 | D:8      | Bought a wand of paralysis (10) for 168 gold pieces
  9294 | D:9      | Reached XP level 11. HP: 67/71 MP: 11/11
  9780 | D:9      | Noticed johnjohn's ghost (novice HOFi)
  9821 | D:9      | Found a burning altar of Makhleb.
  9847 | D:9      | Noticed Maurice
  9955 | D:9      | Found a basalt altar of Yredelemnul.
 10204 | D:9      | Killed Maurice
 10216 | D:9      | Killed johnjohn's ghost
 10216 | D:9      | Received a gift from Okawaru
 10307 | D:9      | Noticed Erica
 10319 | D:9      | Killed Erica
 10319 | D:9      | Reached skill level 10 in Fighting
 10377 | D:9      | Reached skill level 10 in Maces & Flails
 10824 | D:9      | Reached skill level 10 in Shields
 10854 | D:9      | Reached skill level 10 in Armour
 11483 | D:10     | Entered Level 10 of the Dungeon
 11763 | D:10     | Found a staircase to the Lair.
 11815 | D:10     | Killed an unseen horror
 12000 | D:10     | Found a portal to a secret trove of treasure.
 12030 | D:10     | Noticed a wizard
 12042 | D:10     | Killed a wizard
 12424 | D:10     | Noticed a wizard
 12448 | D:10     | Killed a wizard
 12593 | D:10     | Noticed a wizard
 12595 | D:10     | Noticed a wizard
 12603 | D:10     | Killed a wizard
 12603 | D:10     | Paralysed by a wizard for 3 turns
 12613 | D:10     | Noticed a wizard
 12614 | D:10     | Killed a wizard
 12614 | D:10     | Reached XP level 12. HP: 55/79 MP: 12/12
 12623 | D:10     | Reached ****** piety under Okawaru
 12623 | D:10     | Received a gift from Okawaru
 12624 | D:10     | Got a shimmering hat {god gift}
 12722 | D:10     | Identified the +0 hat "Xuf Neiv" {rF+ rC- Str+2} (Okawaru gifted it to you on level 10 of the Dungeon)
 12743 | D:10     | Found the +3 warlock's mirror {reflect}
 13850 | D:11     | Found a white marble altar of Elyvilon.
 13852 | D:11     | Found a deep blue altar of Sif Muna.
 13852 | D:11     | Found an ancient bone altar of Kikubaaqudgha.
 13854 | D:11     | Found a shimmering altar of Xom.
 13854 | D:11     | Found a hide-covered altar of Uskayaw.
 13854 | D:11     | Found a shimmering altar of Xom.
 15533 | D:12     | Reached skill level 1 in Invocations
 15624 | D:12     | Received a gift from Okawaru
 15624 | D:12     | Reached skill level 1 in Evocations
 15625 | D:12     | Noticed a catoblepas
 15635 | D:12     | Killed a catoblepas
 16074 | D:12     | Found a staircase to the Orcish Mines.
 16148 | Lair:1   | Entered Level 1 of the Lair of Beasts
 16667 | Lair:1   | Noticed a five-headed hydra
 16675 | Lair:1   | Killed a five-headed hydra
 16675 | Lair:1   | Reached XP level 13. HP: 79/85 MP: 11/14
 18327 | Lair:2   | Got a spiked ring mail
 18331 | Lair:2   | Identified the +2 ring mail "Lybly" {Regen+ Int-5 Dex+3} (You found it on level 2 of the Lair of Beasts)
 20665 | Lair:3   | Received a gift from Okawaru
 21511 | Lair:4   | Reached skill level 5 in Invocations
 21545 | Lair:4   | Found a hole to the Spider Nest.
 22165 | Lair:4   | Found a staircase to the Swamp.
 22482 | Lair:4   | Gained mutation: Your large and strong wings let you fly indefinitely. [Gargoyle growth]
 22482 | Lair:4   | Reached XP level 14. HP: 91/92 MP: 17/17
 22693 | Lair:5   | Noticed Josephine
 22702 | Lair:5   | Killed Josephine
 22901 | Lair:5   | Noticed an entropy weaver
 22941 | Lair:5   | Killed an entropy weaver
 23474 | Lair:5   | Received a gift from Okawaru
 23477 | Lair:5   | Reached skill level 5 in Evocations
 23485 | Lair:5   | Got a bloodstained ring mail {god gift}
 23486 | Lair:5   | Identified the +5 ring mail "Remoz" {Int+5} (Okawaru gifted it to you on level 5 of the Lair of Beasts)
 23542 | Lair:5   | Noticed an entropy weaver
 23551 | Lair:5   | Killed an entropy weaver
 24286 | Lair:6   | Entered Level 6 of the Lair of Beasts
 25332 | Lair:6   | Received a gift from Okawaru
 25677 | Lair:6   | Reached XP level 15. HP: 99/99 MP: 20/20
 25683 | Lair:6   | Found a staircase to the Slime Pits.
 26458 | Orc:1    | Entered Level 1 of the Orcish Mines
 26596 | Orc:1    | Found a roughly hewn altar of Beogh.
 26713 | Orc:2    | Entered Level 2 of the Orcish Mines
 26713 | Orc:2    | Found Wyczowao's Armour Emporium.
 27561 | Orc:2    | Found a staircase to the Elven Halls.
 27956 | Orc:2    | Found Pumyji's Food Emporium.
 27956 | Orc:2    | Found Teoclus's Weapon Boutique.
 27962 | Orc:2    | Found Covydgh Wyump's Food Shop.
 27964 | Orc:2    | Found Hegel's Jewellery Shoppe.
 27969 | Orc:2    | Bought a +3 amulet of reflection for 251 gold pieces
 29607 | D:13     | Found a gate to the Vaults.
 30250 | D:14     | Received a gift from Okawaru
 31410 | D:15     | Entered Level 15 of the Dungeon
 31559 | D:15     | Reached XP level 16. HP: 90/106 MP: 22/22
 31817 | D:15     | Found Ikumaan's Gadget Emporium.
 31825 | D:15     | Bought a wand of digging (13) for 578 gold pieces
 31895 | D:15     | Received a gift from Okawaru
 32170 | D:15     | Found a staircase to the Depths.
 32269 | D:15     | Found Xeinob's Armour Boutique.
 32276 | D:15     | Found Ysoy's Weapon Boutique.
 32305 | D:15     | Found Igafaur's Book Shop.
 32456 | D:15     | Found Ubittokh's Armour Shop.
 32955 | Swamp:1  | Entered Level 1 of the Swamp
 34276 | Swamp:1  | Noticed a thorn hunter
 34303 | Swamp:1  | Killed a thorn hunter
 35163 | Swamp:2  | Noticed Donald
 35181 | Swamp:2  | Killed Donald
 35414 | Swamp:1  | Received a gift from Okawaru
 35561 | Swamp:2  | Reached skill level 10 in Invocations
 36923 | Swamp:3  | Reached XP level 17. HP: 112/112 MP: 24/24
 37904 | Swamp:4  | Entered Level 4 of the Swamp
 37943 | Swamp:4  | Found a frozen archway.
 37992 | IceCv    | Entered an ice cave
 38246 | IceCv    | Received a gift from Okawaru
 38824 | Swamp:4  | Reached skill level 15 in Fighting
 38891 | Swamp:4  | Reached skill level 15 in Armour
 38891 | Swamp:4  | Reached skill level 15 in Shields
 39246 | Swamp:4  | Received a gift from Okawaru
 39251 | Swamp:4  | Got a polished large shield {god gift}
 39478 | Swamp:4  | Noticed the 27-headed Lernaean hydra
 39488 | Swamp:4  | Killed the 27-headed Lernaean hydra
 39712 | Swamp:4  | Got a decaying rune of Zot
 40260 | Spider:1 | Entered Level 1 of the Spider Nest
 41349 | Spider:1 | Reached skill level 10 in Evocations
 41754 | Spider:2 | Reached XP level 18. HP: 107/119 MP: 25/25
 42135 | Spider:2 | Identified the +0 large shield of Eternal Vigilance {rElec rPois rN+ Int+5} (Okawaru gifted it to you on level 4 of the Swamp)
 42196 | Spider:2 | Received a gift from Okawaru
 42395 | Spider:2 | Reached skill level 15 in Maces & Flails
 44391 | Spider:4 | Entered Level 4 of the Spider Nest
 45031 | Spider:4 | Received a gift from Okawaru
 46392 | Spider:4 | Got a gossamer rune of Zot
 46748 | Elf:1    | Entered Level 1 of the Elven Halls
 46760 | Orc:2    | Reached XP level 19. HP: 74/125 MP: 27/27
 46761 | Orc:2    | Received a gift from Okawaru
 46768 | Orc:2    | Got a crude shield {god gift}
 46780 | Orc:2    | Identified the +5 shield "Istrymnei" {rElec rPois Int+3 Dex-5} (Okawaru gifted it to you on level 2 of the Orcish Mines)
 47031 | Elf:1    | Found a radiant altar of Vehumet.
 47359 | Elf:1    | Noticed Agnes
 47447 | Elf:1    | HP: 4/127 [spriggan defender/demon whip of pain (3)]
 47943 | Vaults:1 | Entered Level 1 of the Vaults
 50536 | Vaults:1 | Noticed a Brimstone Fiend
 50537 | Vaults:1 | HP: 5/127 [hellion/damnation[a boggart] (22)]
 50538 | Vaults:1 | Noticed an Ice Fiend
 51977 | Vaults:1 | Received a gift from Okawaru
 52292 | Vaults:2 | Reached skill level 1 in Dodging
 52313 | Vaults:2 | Hit by a large rock thrown by a stone giant

Skill      XL: |  1  2  3  4  5  6  7  8  9 10 11 12 13 14 15 16 17 18 19 |
---------------+----------------------------------------------------------+-----
Maces & Flails | 3 4 5 7 8 9 10 11 12 13 14 15 16 | 16.0
Armour         | 4 5 6 8 9 10 11 12 13 14 15 16 | 16.8
Fighting       | 4 5 6 8 9 10 11 12 13 14 15 16 | 16.8
Shields        | 4 5 6 8 9 10 11 12 13 14 15 16 | 16.8
Invocations    | 2 5 7 8 10 | 10.2
Evocations     | 2 4 6 7 8 10 11 | 11.6
Dodging        | 1 |  1.0

Action                   |  1- 3 |  4- 6 |  7- 9 | 10-12 | 13-15 | 16-18 | 19-21 || total
-------------------------+-------+-------+-------+-------+-------+-------+-------++-------
Melee: Flail             |   140 |   122 |       |       |       |       |       ||   262
       Morningstar       |       |   268 |   408 |  1041 |  1885 |  2289 |     1 ||  5892
       Unarmed           |       |       |    10 |       |       |       |       ||    10
       Mace              |       |       |       |       |       |       |  1038 ||  1038
Invok: Heroism           |       |       |     3 |    10 |     9 |    10 |     4 ||    36
       Finesse           |       |       |       |       |     1 |       |     1 ||     2
 Abil: Stop Flying       |       |       |       |       |       |     1 |     1 ||     2
       Fly               |       |       |       |       |       |     1 |       ||     1
Evoke: Wand              |       |       |       |     5 |     4 |    10 |     1 ||    20
  Use: Scroll            |       |       |    14 |     9 |    13 |    22 |    13 ||    71
       Potion            |       |       |     2 |     4 |     6 |     8 |     5 ||    25
 Stab: Paralysed         |       |       |       |       |     4 |       |       ||     4
       Distracted        |       |       |       |       |     1 |       |       ||     1
       Petrified         |       |       |       |       |     2 |       |       ||     2
  Eat: Chunk             |     3 |     9 |     8 |    16 |    22 |     6 |     5 ||    69
       Ration            |       |       |     2 |     4 |     8 |    14 |     4 ||    32
Armor: Scale mail        |    18 |       |       |       |       |       |       ||    18
       Chain mail        |    57 |   243 |   218 |   319 |       |       |       ||   837
       Skin              |       |       |     4 |       |       |       |       ||     4
       Plate armour      |       |       |       |   124 |  1050 |  1861 |   559 ||  3594
Dodge: Dodged            |    27 |    97 |    91 |   161 |   449 |   669 |   196 ||  1690
Block: Shield            |    59 |   209 |   194 |   452 |   334 |       |       ||  1248
       Buckler           |       |       |       |       |   762 |  1642 |   578 ||  2982
       Reflection        |       |       |       |       |    58 |    22 |    58 ||   138
